 Dungeon Crawl Stone Soup version 0.29.1-15-g9cfb28693d (webtiles) character file.

Game seed: 131685098544610672

10817 manyhoops the Grappler (level 11, 0/86 HPs)
             Began as an Octopode Transmuter on Apr 9, 2023.
             Was an Initiate of Gozag.
             Slain by a two-headed ogre
             ... wielding a +0 giant club
              (11 damage)
             ... on level 11 of the Dungeon.
             The game lasted 00:22:36 (14795 turns).

manyhoops the Grappler (Octopode Transmuter)       Turns: 14795, Time: 00:22:37

Health: 0/86       AC: 13    Str: 14    XL:     11   Next: 68%
Magic:  18/18      EV: 11    Int: 16    God:    Gozag
Gold:   1447       SH:  0    Dex: 24    Spells: 6/20 levels left

rFire   . . .      SeeInvis +     - Unarmed
rCold   + + +      Faith    .   (shield currently unavailable)
rNeg    . . .      Spirit   .   (helmet currently unavailable)
rPois   +          Reflect  .   A - amulet of Qieckux {Acrobat rF+ Slay+2}
rElec   .          Harm     .   g - ring of see invisible
rCorr   .          Rampage  .   d - ring of poison resistance
Will    .....                   v - ring of protection from fire
Stlth   ++++......              k - +6 ring of dexterity
HPRegen 0.24/turn               x - ring of ice
MPRegen 0.16/turn               N - +4 ring of protection
                                P - +6 ring of dexterity
                                w - ring of wizardry

@: ice-form
A: freezing attack, boosted hp, almost no armour, amphibious, 8 rings, large,
(camouflage 1), (gelatinous body 1), (nimble swimmer 1), (tentacles),
(iridescent scales 1), MP-powered wands
a: End Transformation, Renounce Religion, Potion Petition, Call Merchant, Bribe
Branch


You were on level 11 of the Dungeon.
You worshipped Gozag.
Gozag was most pleased with you.
You were a creature of crystalline ice.
You visited 2 branches of the dungeon, and saw 12 of its levels.
You also visited: Bailey.

You collected 2682 gold pieces.
You spent 540 gold pieces at shops.
You paid 695 gold pieces to Gozag.

Inventory:

Missiles
 e - 2 throwing nets
Armour
 o - a +0 buckler (melded)
Jewellery
 d - a ring of poison resistance (right front paw)
 g - a ring of see invisible (left front paw)
 k - a +6 ring of dexterity (on tentacle)
 v - a ring of protection from fire (on tentacle)
 w - a ring of wizardry (on tentacle)
 x - a ring of ice (on tentacle)
 A - the amulet of Qieckux (around neck) {Acrobat rF+ Slay+2}
   (You found it on level 5 of the Dungeon)

   [amulet of the acrobat]

   It increases your evasion while moving and waiting.
   Slay:      It affects your accuracy & damage with ranged weapons and melee
   (+2).
   rF:        It protects you from fire.
 G - a ring of fire
 N - a +4 ring of protection (on tentacle)
 P - a +6 ring of dexterity (on tentacle)
Wands
 i - a wand of polymorph (13)
 y - a wand of acid (18)
 K - a wand of mindburst (3)
 L - a wand of flame (7)
 M - a wand of paralysis (6)
Scrolls
 b - a scroll of enchant armour
 c - 2 scrolls of poison
 f - 4 scrolls of teleportation
 h - 2 scrolls of vulnerability
 j - 2 scrolls of magic mapping
 m - a scroll of silence
 n - 2 scrolls of fear
 t - 2 scrolls of immolation
 z - a scroll of amnesia
 C - 3 scrolls of butterflies
 D - a scroll of summoning {unknown}
 F - a scroll of noise
 J - a scroll of torment
 O - a scroll of brand weapon {unknown}
 Q - a scroll of identify
Potions
 a - 2 potions of brilliance
 p - 6 potions of curing
 q - 4 potions of flight {unknown}
 r - a potion of berserk rage
 s - 3 potions of attraction {unknown}
 u - 5 potions of invisibility
 B - 3 potions of heal wounds
 E - a potion of haste
 H - a potion of mutation
 I - a potion of resistance {unknown}
Miscellaneous
 l - a box of beasts


   Skills:
 - Level 5.8 Fighting
 - Level 2.0 Dodging
 - Level 6.9 Stealth
 - Level 10.4 Unarmed Combat
 - Level 5.2 Spellcasting
 - Level 8.0 Transmutations
 - Level 6.7 Ice Magic
 + Level 6.9 Evocations


You had 6 spell levels left.
You knew the following spells:

 Your Spells              Type           Power      Damage    Failure   Level
a - Beastly Appendage     Tmut           58%        N/A       1%          1
b - Wereblood             Tmut           29%        N/A       1%          2
c - Ice Form              Ice/Tmut       41%        N/A       2%          4
d - Passwall              Tmut/Erth      14%        N/A       1%          2
e - Ensorcelled Hibernat  Hex/Ice        44%        N/A       2%          2
f - Swiftness             Air            4%         N/A       17%         3

Your spell library contained the following spells:

 Spells                   Type           Power      Damage    Failure   Level
 Spider Form              Tmut/Pois      17%        N/A       3%          3
 Apportation              Tloc           8%         N/A       6%          1
 Necrotise                Necr           16%        1d4       6%          1
 Summon Small Mammal      Summ           16%        N/A       6%          1
 Tukima's Dance           Hex            4%         N/A       17%         3
 Vampiric Draining        Necr           4%         2d6       17%         3
 Yara's Violent Unravell  Hex/Tmut       8%         3d5       32%         5
 Anguish                  Hex/Necr       2%         N/A       50%         4
 Dispel Undead            Necr           4%         3d7       50%         4
 Passage of Golubria      Tloc           4%         N/A       50%         4
 Agony                    Necr           4%         N/A       82%         5
 Death Channel            Necr           2%         N/A       100%        6
 Enfeeble                 Hex            2%         N/A       100%        7
 Corpse Rot               Necr/Pois/Air  Unusable   N/A       N/A         4

Dungeon Overview and Level Annotations

Branches:
Dungeon (11/15)            Temple (1/1) D:7             Orc (0/2) D:9
 Bailey (visited)
   Lair: D:8-11

Altars:
Ashenzari
Cheibriados
Dithmenos
Elyvilon
Fedhas
Gozag
Hepliaklqana
Kikubaaqudgha
Makhleb
Nemelex Xobeh
Okawaru
Qazlal
Ru
Sif Muna
Trog
Uskayaw
Vehumet
Wu Jian
Xom
Yredelemnul
Zin
The Shining One

Shops:
D:10 =

Annotations:
D:5 1 runed translucent door, Crazy Yiuf
D:7 Pikel


Innate Abilities, Weirdness & Mutations

You are a creature of crystalline ice.
You have a powerful freezing melee attack.
Your maximum health is increased.
Your armour is entirely melded.
You are incapable of wielding weapons or throwing items.
You cannot wear most types of armour.
You are amphibious.
You can wear up to eight rings at the same time.
((Your skin changes colour to match your surroundings (Stealth+).))
((Your rubbery body absorbs attacks. (AC +1, EV +1)))
((You are camouflaged when in or above water. (Stealth+)))
((You have tentacles for arms and can constrict up to eight enemies at once.))
((You are partially covered in iridescent scales. (AC +2)))
You expend magic power (3 MP) to strengthen your wands.


Message History

You hit the shadow but do no damage. The shadow misses you.
You hit the shadow.
The shadow is lightly damaged.
The shadow barely misses you.
You pummel the shadow!!
You destroy the shadow!
The two-headed ogre is distracted by your dazzling golden aura.
The two-headed ogre is no longer distracted by gold.
You see here 6 gold pieces.
You pummel the two-headed ogre!! You freeze the two-headed ogre!
The two-headed ogre is heavily wounded.
The two-headed ogre hits you with a +0 giant club.
The two-headed ogre hits you with a +0 giant club!!
You hit the two-headed ogre. You freeze the two-headed ogre.
The two-headed ogre is heavily wounded.
You hit the two-headed ogre. You freeze the two-headed ogre.
The two-headed ogre is heavily wounded.
The two-headed ogre hits you with a +0 giant club!!
The two-headed ogre barely misses you.
You are too injured to fight recklessly!
You punch the two-headed ogre! You freeze the two-headed ogre.
The two-headed ogre is almost dead.
You hit the two-headed ogre. You freeze the two-headed ogre.
The two-headed ogre is almost dead.
The two-headed ogre hits you with a +0 giant club.
The two-headed ogre barely misses you.
You barely miss the two-headed ogre.
The two-headed ogre is almost dead.
The two-headed ogre hits you with a +0 giant club.
The two-headed ogre hits you with a +0 giant club!
* * * LOW HITPOINT WARNING * * *
You hit the two-headed ogre but do no damage.
The two-headed ogre is almost dead.
Okay, then.
You feel much better.
The two-headed ogre hits you with a +0 giant club!!
* * * LOW HITPOINT WARNING * * *
The two-headed ogre hits you with a +0 giant club!
You die...
Your body crumbles into a pile of gold.

.........###..........#
######..(# #.<........#
# #...# ##+##.###### #
#...# #)# # #...# #.# #
#.### #.# # #.# #.# #
#.# #.# ######.# #Y#
.......# #####O#
.......#####.....#
.................#
.................#
###..............###
#############....#
#....# #....#


You could see a two-headed ogre.

Vanquished Creatures
  An ice dragon (D:9)
  A two-headed ogre (D:8)
  A cyclops (D:8)
  An ice statue (D:9)
  Maggie (D:7)
  A gargoyle (D:11)
  A kobold demonologist (D:8)
  A queen bee (D:10)
  A hornet (D:9)
  2 trolls
  A shadow (D:11)
  4 wraiths
  5 yaks (D:10)
  2 wyverns
  Grum (D:8)
  Menkaure (D:7)
  A steam dragon (D:8)
  Edmund (D:6)
  3 orc warriors
  A sky beast (D:8)
  A black bear (D:6)
  13 ice beasts (D:9)
  An ogre (D:6)
  3 wolves (D:8)
  4 centaurs
  A phantom (D:6)
  A kobold brigand (D:5)
  4 bullfrogs
  4 scorpions
  A necrophage (D:8)
  3 wights (D:10)
  15 killer bees (D:10)
  A howler monkey (D:9)
  4 electric eels (D:9)
  4 crimson imps (D:10)
  2 hounds
  3 jellies (D:6)
  5 orc priests
  8 iguanas
  6 orc wizards
  Robin (D:2)
  A gnoll (D:5)
  6 adders
  2 white imps (D:6)
  2 worms (D:5)
  4 dart slugs
  41 orcs
  3 ball pythons
  6 endoplasms
  4 giant cockroaches
  14 goblins
  9 hobgoblins
  12 jackals
  3 kobolds
  3 quokkas
  4 bats
  3 frilled lizards
  5 rats
  A spectral hobgoblin (D:6)
239 creatures vanquished.

Vanquished Creatures (others)
  18 plants (D:10)
18 creatures vanquished.

Grand Total: 257 creatures vanquished

Notes
Turn   | Place    | Note
-------+----------+-------------------------------------------
     0 | D:1      | manyhoops the Octopode Transmuter began the quest for the
                  | Orb.
     0 | D:1      | Reached XP level 1. HP: 13/13 MP: 3/3
   308 | D:1      | Reached XP level 2. HP: 18/18 MP: 3/5
   918 | D:1      | Reached XP level 3. HP: 24/24 MP: 4/6
  1382 | D:2      | Reached skill level 4 in Unarmed Combat
  1386 | D:2      | Found a faded altar of an unknown god.
  1518 | D:2      | Reached skill level 1 in Stealth
  1756 | D:2      | Learned a level 2 spell: Wereblood
  1860 | D:2      | Reached XP level 4. HP: 29/29 MP: 5/7
  2098 | D:2      | Noticed Robin
  2120 | D:2      | Killed Robin
  2336 | D:3      | Noticed a bullfrog
  2368 | D:3      | Killed a bullfrog
  2369 | D:3      | Reached skill level 5 in Unarmed Combat
  2369 | D:3      | Reached XP level 5. HP: 15/34 MP: 6/8
  2610 | D:3      | Found a burning altar of Makhleb.
  2830 | D:3      | Found a bloodstained altar of Trog.
  2929 | D:3      | Learned a level 4 spell: Ice Form
  3540 | D:4      | Reached XP level 6. HP: 36/39 MP: 7/9
  3863 | D:4      | Reached skill level 6 in Unarmed Combat
  3999 | D:5      | Entered Level 5 of the Dungeon
  4055 | D:5      | Noticed a yak
  4056 | D:5      | Found a large runed translucent door.
  4056 | D:5      | Noticed a two-headed ogre
  4057 | D:5      | Found a large runed translucent door.
  4058 | D:5      | Found a large runed translucent door.
  4058 | D:5      | Found a large runed translucent door.
  4324 | D:5      | Found a sacrificial altar of Ru.
  4641 | D:5      | Reached skill level 7 in Unarmed Combat
  4641 | D:5      | Reached XP level 7. HP: 33/45 MP: 7/10
  4799 | D:5      | Found a runed translucent door.
  4800 | D:5      | Noticed Crazy Yiuf
  4988 | D:5      | Reached skill level 5 in Stealth
  5069 | D:5      | Identified the amulet of Qieckux {Acrobat rF+ Slay+2}
  5161 | D:6      | Noticed Edmund
  5335 | D:6      | Reached skill level 1 in Evocations
  5344 | D:6      | Reached XP level 8. HP: 49/51 MP: 9/11
  5503 | D:6      | Identified the +7 long sword of Byghox {vamp, rElec Stlth+}
  5577 | D:5      | Reached skill level 1 in Ice Magic
  5976 | D:6      | Found a broken altar of Ashenzari.
  6089 | D:6      | Found a hazy altar of Hepliaklqana.
  6440 | D:7      | Found a white marble altar of Elyvilon.
  6803 | D:7      | Noticed Menkaure
  6818 | D:7      | Killed Menkaure
  6949 | D:7      | Noticed a troll
  7004 | D:7      | Killed a troll
  7005 | D:7      | Reached skill level 5 in Transmutations
  7005 | D:7      | Reached skill level 5 in Ice Magic
  7005 | D:7      | Reached XP level 9. HP: 55/55 MP: 10/12
  7030 | D:7      | Found a staircase to the Ecumenical Temple.
  7051 | D:7      | Noticed Maggie
  7059 | Temple   | Entered the Ecumenical Temple
  7068 | Temple   | Became a worshipper of Gozag Ym Sagoz the Greedy
  7087 | D:7      | Killed Maggie
  7109 | D:7      | Found a glowing golden altar of the Shining One.
  7112 | D:7      | Noticed Pikel
  7581 | D:6      | Killed Edmund
  7615 | D:6      | Reached skill level 5 in Spellcasting
  8194 | D:8      | Found a flagged portal.
  8218 | Bailey   | Entered a bailey
  8476 | Bailey   | Noticed an orc knight
  8731 | D:7      | Gained mutation: You expend magic power (3 MP) to
                  | strengthen your wands. [potion of mutation]
  8731 | D:7      | Gained mutation: You are partially covered in iridescent
                  | scales. (AC +2) [potion of mutation]
  8796 | D:8      | Noticed a kobold demonologist
  8805 | D:8      | Killed a kobold demonologist
  9033 | D:8      | Noticed a two-headed ogre
  9049 | D:8      | Killed a two-headed ogre
  9050 | D:8      | Reached XP level 10. HP: 23/61 MP: 14/17
  9278 | D:8      | Noticed Grum
  9288 | D:8      | Killed Grum
  9726 | D:8      | Identified the +0 leather armour of Ynuush {-Cast rN+
                  | Regen+}
  9740 | D:8      | Noticed a cyclops
  9747 | D:8      | Killed a cyclops
 10265 | D:8      | Identified a scroll of acquirement
 10266 | D:8      | Acquired 911 gold pieces
 10673 | D:9      | Found a staircase to the Orcish Mines.
 10702 | D:9      | Reached skill level 8 in Unarmed Combat
 10807 | D:9      | Noticed an ice statue
 10939 | D:9      | Found a radiant altar of Vehumet.
 10969 | D:9      | Learned a level 2 spell: Passwall
 10972 | D:9      | Learned a level 2 spell: Ensorcelled Hibernation
 11106 | D:9      | Noticed a +0 short sword
 11113 | D:9      | Found a hide-covered altar of Uskayaw.
 11113 | D:9      | Noticed a +0 dagger
 11113 | D:9      | Noticed a +0 spear
 11115 | D:9      | Noticed a +0 falchion
 11116 | D:9      | Noticed a +0 dagger
 11116 | D:9      | Noticed a +0 spear
 11116 | D:9      | Noticed a +0 short sword
 11117 | D:9      | Noticed a +0 falchion
 11379 | D:9      | Paralysed by a hornet for 3 turns
 11386 | D:9      | Reached skill level 5 in Fighting
 11386 | D:9      | Reached skill level 9 in Unarmed Combat
 12221 | D:9      | Killed an ice statue
 12222 | D:9      | Reached XP level 11. HP: 53/72 MP: 16/18
 12373 | D:9      | Noticed a frost giant
 12453 | D:9      | Noticed an ice dragon
 12461 | D:9      | Killed an ice dragon
 12462 | D:9      | Reached skill level 10 in Unarmed Combat
 12707 | D:10     | Entered Level 10 of the Dungeon
 13512 | D:10     | Found a shimmering altar of Xom.
 13666 | D:10     | Paralysed by a centaur for 4 turns
 13760 | D:10     | Bought a +4 ring of protection for 540 gold pieces
 13765 | D:10     | Learned a level 3 spell: Swiftness
 13782 | D:10     | Found a blossoming altar of Fedhas.
 14140 | D:10     | Reached skill level 5 in Evocations
 14758 | D:11     | Noticed a two-headed ogre
 14795 | D:11     | Slain by a two-headed ogre

Illustrated notes

Levels and vault maps discovered:
D:1:      scummos_arrival_simple_fountains, layout_basic
D:2:      layout_rooms, ebering_ecumenical_altar_sacrificial, uniq_robin
D:3:      layout_basic, mainiacjoe_overflow_catwalk, general_overflow_altar,
          serial_park_tiny_1
D:4:      layout_basic
D:5:      layout_rooms, old_standard_altar, minmay_hollow_rounded_squares,
          uniq_crazy_yiuf_cottage
D:6:      layout_cave_pools, nicolae_hepliaklqana_monster_ancestors,
          mainiacjoe_overflow_cross_hatched, uniq_edmund
D:7:      layout_loops_ring, elyvilon_altar_1, nicolae_overflow_hidden_temple,
          temple_pool_b, nrook_mini_backslash, minmay_misc_feat_more_columns,
          uniq_pikel, uniq_menkaure, uniq_maggie
D:8:      layout_basic, enter_bailey_6, dk_noncrumbling_2, uniq_grum
D:9:      minmay_twisted_water, layout_rooms, nicolae_uskayaw_en_pointe,
          fiery_altar_vehumet, serial_co_window_serial, co_window_corner_a,
          co_window_paths_a, co_window_paths_b, co_window_paths_b,
          co_window_paths_b, co_window_of_opportunity_a,
          co_window_of_opportunity_a, co_window_cross_2, co_window_paths_c,
          co_window_corner_b, co_window_unsneaky_path_a, glass_columns_a,
          moated_statue, statue_in_the_mist_lemuel
D:10:     layout_stronghold, lemuel_tele_altar, led_xom_imps,
          nicolae_looking_at_the_future
D:11:     layout_irregular_city, erik_lair_dragon, nicolae_take_the_stairs,
          serial_park_tiny_pond
Temple:   minmay_freezing_vapour_temple

Skill      XL: |  1  2  3  4  5  6  7  8  9 10 11 |
---------------+----------------------------------+-----
Unarmed Combat | 4 5 7 9 10 | 10.4
Stealth        | 2 6 |  6.9
Fighting       | 2 5 |  5.8
Evocations     | 1 2 6 |  6.9
Ice Magic      | 5 6 |  6.7
Transmutations | 5 7 8 |  8.0
Spellcasting   | 5 |  5.2
Dodging        | |  2.0

Action                   |  1- 3 |  4- 6 |  7- 9 | 10-12 || total
-------------------------+-------+-------+-------+-------++-------
Melee: Unarmed           |    88 |   102 |   168 |   245 ||   603
       Kick              |    20 |    28 |    48 |       ||    96
       Constrict         |    16 |    29 |    35 |     1 ||    81
       Tentacles         |    13 |    16 |    31 |     1 ||    61
       Punch             |     2 |     6 |     8 |       ||    16
       Dagger            |       |       |    17 |       ||    17
 Cast: Beastly Appendage |    19 |    27 |    31 |       ||    77
       Wereblood         |       |     4 |     5 |    10 ||    19
       Ice Form          |       |       |     5 |    30 ||    35
       Ensorcelled Hiber |       |       |       |     1 ||     1
Invok: Call Merchant     |       |       |       |     1 ||     1
Evoke: Wand              |       |       |    10 |     1 ||    11
  Use: Scroll            |     3 |     5 |     8 |     6 ||    22
       Potion            |       |     2 |     7 |     2 ||    11
 Stab: Sleeping          |     5 |     7 |    13 |     4 ||    29
       Paralysed         |       |       |    23 |       ||    23
       Distracted        |       |       |       |     3 ||     3
Armor: Skin              |     6 |    29 |    25 |    88 ||   148
Dodge: Dodged            |    59 |    41 |    98 |   108 ||   306
Block: Buckler           |       |     5 |    14 |       ||    19
